 Dungeon Crawl Stone Soup version 0.31-a0-204-g7da18cac08 (webtiles) character file.

Game seed: 12226243306946814351

124 qw the Skirmisher (level 4, -3/25 HPs)
             Began as a Deep Elf Hunter on June 27, 2023.
             Slain by an orc
             ... wielding a +0 flail
              (5 damage)
             ... on level 3 of the Dungeon.
             The game lasted 00:00:37 (1573 turns).

qw the Skirmisher (Deep Elf Hunter)                 Turns: 1573, Time: 00:00:37

Health: -3/25      AC:  9    Str: 10    XL:     4   Next: 81%
Magic:  6/6        EV:  9    Int: 14    God:
Gold:   116        SH:  0    Dex: 18    Spells: 3/3 levels left

rFire   . . .        Y - +1 shortbow
rCold   . . .        (shield currently unavailable)
rNeg    . . .        a - +0 scale mail
rPois   .            o - +1 helmet
rElec   .            i - +0 cloak
rCorr   .            (no gloves)
SInv    .            (no boots)
Will    .....        (no amulet)
Stlth   +            (no ring)
HPRegen 0.24/turn    (no ring)
MPRegen 0.10/turn

%: no passive effects
@: no status effects
A: no striking features
a: no special abilities


You were on level 3 of the Dungeon.
You visited 1 branch of the dungeon, and saw 3 of its levels.

You collected 116 gold pieces.


   Skills:
 - Level 1.5 Fighting
 - Level 8.2 Ranged Weapons
 + Level 0.0 Armour
 - Level 2.4 Dodging
 - Level 1.2 Stealth


You had 3 spell levels left.
You didn't know any spells.
Your spell library was empty.

Inventory:

Hand Weapons
 Y - a +1 shortbow (weapon)
Armour
 a - a +0 scale mail (worn)
 i - a +0 cloak (worn)
 o - a +1 helmet (worn)
Scrolls
 j - 3 scrolls of identify
Potions
 h - a potion of might

Dungeon Overview and Level Annotations

Branches:
Dungeon (3/15)

Altars:

Shops:
D:3 =


Message History

You hear a shout!
You shoot an arrow.
The arrow hits the orc priest but does no damage.
The orc wizard gestures wildly while chanting.
The orc wizard flickers and vanishes!
Deactivating autopickup; reactivate with Ctrl-A.
An orc comes into view. It is wielding a +0 falchion.
You shoot an arrow. The arrow hits the orc priest.
The orc priest is lightly wounded.
You shoot an arrow.
The arrow closely misses the orc priest.
Reactivating autopickup.
You feel a bit more experienced.
The orc priest mumbles some strange prayers to Beogh against you.
Beogh smites you!
Your Ranged Weapons skill increases to level 8!
You shoot an arrow. The arrow barely misses the orc priest.
The arrow hits the orc.
The orc is lightly wounded.
The orc priest calls down the wrath of Beogh upon you.
You barely resist. You shoot an arrow. The arrow hits the orc priest.
The orc priest is lightly wounded.
The orc priest hits you with a +0 hand axe.
You shoot an arrow. The arrow hits the orc priest.
The orc priest is moderately wounded.
The orc priest hits you with a +0 hand axe.
The orc closely misses you.
You shoot an arrow. The arrow hits the orc priest!
The orc priest is severely wounded.
The orc priest hits you but does no damage.
The orc hits you with a +0 flail.
The orc priest hits you but does no damage.
The orc hits you but does no damage.
You shoot an arrow.
The arrow hits the orc priest but does no damage.
The orc priest is severely wounded.
The orc priest miscasts a cantrip.
The orc hits you with a +0 flail.
You die...

.# ####.###~ .......#
########~~~##.#
#......~~~~~#.#
#.>..#.~~\~~#.#
#..#.#.~~.~~#.#
#<.#....~.~##o#####.
##..........@oo.)...
.............o..####.
........######..#
.##.##### ..# #...
..# ...# #.# .# .# .#


You could see an orc priest and 3 orcs.

Vanquished Creatures
  A hound (D:2)
  Terence (D:2)
  An orc wizard (D:3)
  A dart slug (D:1)
  5 ball pythons
  3 endoplasms
  3 giant cockroaches (D:1)
  6 hobgoblins
  3 kobolds
  4 quokkas
  2 bats
  A frilled lizard (D:1)
  5 goblins
  8 rats
44 creatures vanquished.

Notes
Turn   | Place    | Note
-------+----------+-------------------------------------------
     0 | D:1      | qw the Deep Elf Hunter began the quest for the Orb.
     0 | D:1      | Reached XP level 1. HP: 12/12 MP: 3/3
     0 | D:1      | 0 ||| qw: Version: 0.3-a-22-g0ed2b0b
     0 | D:1      | 0 ||| qw: Game counter: 6443
     0 | D:1      | 0 ||| qw: Melee chars always use a shield: true
     0 | D:1      | 0 ||| qw: God list: Okawaru
     0 | D:1      | 0 ||| qw: Allow faded altars: false
     0 | D:1      | 0 ||| qw: Do Orc after clearing Dungeon:15 true
     0 | D:1      | 0 ||| qw: Do second Lair branch before Depths: true
     0 | D:1      | 0 ||| qw: Lair rune preference: random
     0 | D:1      | 0 ||| qw: Goals: Normal
     0 | D:1      | 0 ||| PLANNING D:1-11
    60 | D:1      | Reached skill level 6 in Ranged Weapons
    60 | D:1      | Reached XP level 2. HP: 7/16 MP: 4/4
   484 | D:1      | Reached XP level 3. HP: 20/20 MP: 5/5
   881 | D:1      | 881 ||| UPGRADING to +0 cloak.
   886 | D:1      | 886 ||| UPGRADING to +0 helmet.
   891 | D:1      | 891 ||| DROPPING +6 ring of intelligence.
   892 | D:1      | 892 ||| DROPPING ring of magical power.
   893 | D:1      | 893 ||| READING scroll labelled LUASEHICYRR.
   894 | D:1      | 894 ||| READING 3 scrolls labelled NEEKLUABEA.
   895 | D:1      | 895 ||| READING 2 scrolls labelled QEOXOX CENA.
   896 | D:1      | 896 ||| READING scroll of enchant armour.
   896 | D:1      | 896 ||| ENCHANTING +0 helmet.
   897 | D:1      | 897 ||| READING scroll labelled BAIHEA OKHEMALU.
   898 | D:1      | 898 ||| READING scroll labelled BINAD PYJAM.
   899 | D:1      | 899 ||| READING scroll labelled RAQE KARATOMA.
   900 | D:1      | 900 ||| DRINKING 2 black potions.
   901 | D:1      | 901 ||| READING 2 scrolls of identify.
   901 | D:1      | 901 ||| IDENTIFYING metallic purple potion
   902 | D:1      | 902 ||| DROPPING scroll of butterflies.
   904 | D:1      | 904 ||| Stepping ~*~*~tactically~*~*~ (cloud).
   905 | D:1      | 905 ||| DRINKING potion of curing.
   905 | D:1      | 905 ||| (to cure poison)
  1275 | D:2      | Reached skill level 7 in Ranged Weapons
  1275 | D:2      | Reached XP level 4. HP: 25/25 MP: 6/6
  1468 | D:2      | 1468 ||| UPGRADING to +0 scale mail.
  1478 | D:2      | 1478 ||| DROPPING +0 leather armour.
  1479 | D:2      | 1479 ||| READING scroll labelled BUGHITUATWO.
  1480 | D:2      | 1480 ||| READING 4 scrolls of identify.
  1480 | D:2      | 1480 ||| IDENTIFYING yellow potion
  1514 | D:3      | Noticed Terence
  1519 | D:3      | 1519 ||| STAIRDANCE
  1523 | D:2      | HP: 1/25 [Terence/+0 mace (6)]
  1524 | D:2      | 1524 ||| DRINKING potion of heal wounds.
  1525 | D:2      | Killed Terence
  1549 | D:3      | Found Ferch's Jewellery Shoppe.
  1560 | D:3      | 1560 ||| SHOPLISTING +4 ring of protection (432 gold, have
                  | 116).
  1560 | D:3      | 1560 ||| SHOPLISTING +5 ring of evasion (432 gold, have
                  | 116).
  1560 | D:3      | 1560 ||| SHOPLISTING +6 ring of dexterity (432 gold, have
                  | 116).
  1560 | D:3      | 1560 ||| SHOPLISTING +6 ring of strength (432 gold, have
                  | 116).
  1560 | D:3      | 1560 ||| SHOPLISTING amulet of reflection (360 gold, have
                  | 116).
  1560 | D:3      | 1560 ||| SHOPLISTING ring "Utsaoh" {rN+ Str+3} (399 gold,
                  | have 116).
  1560 | D:3      | 1560 ||| SHOPLISTING ring of protection from cold (300
                  | gold, have 116).
  1560 | D:3      | 1560 ||| SHOPLISTING ring of resist corrosion (240 gold,
                  | have 116).
  1569 | D:3      | Reached skill level 8 in Ranged Weapons
  1571 | D:3      | HP: 6/25 [orc priest/+0 hand axe (4)]
  1572 | D:3      | HP: 2/25 [orc/+0 flail (4)]
  1573 | D:3      | Slain by an orc

Levels and vault maps discovered:
D:1:      eino_arrival_druids_welcome, layout_basic,
          nicolae_kite_square_tiling_tiny
D:2:      layout_loops_ring, chequers_serial_rivers_micro_a
D:3:      layout_basic, old_standard_altar, serial_shops, nicolae_shop_crystal,
          nicolae_shop_waterfront, nicolae_shop_tiny_waterfront,
          minmay_misc_feat_rugged, minmay_liquid_box, minivault_11,
          kennysheep_boxes, uniq_terence

Skill      XL: |  1  2  3  4 |
---------------+-------------+-----
Ranged Weapons | 6 7 8 |  8.2
Fighting       | |  1.5
Dodging        | |  2.4
Stealth        | |  1.2

Action                     |  1- 3 |  4- 6 || total
---------------------------+-------+-------++-------
   Fire: Shortbow          |    98 |    22 ||   120
    Use: Scroll            |     8 |     2 ||    10
         Potion            |     2 |     1 ||     3
 Armour: Leather armour    |     7 |       ||     7
         Scale mail        |       |    10 ||    10
  Dodge: Dodged            |    16 |     8 ||    24

Table legend:
 A = Non-vault XP
 B = Vault XP
 C = Vault XP percentage of total XP
 D = Non-vault monster count
 E = Vault monster count
 F = Vault count percentage of total count
                 A         B        C        D         E       F
            +---------+---------+-------+---------+---------+-------
      Total |     142 |      36 |  20.2 |      43 |       1 |   2.3
            +---------+---------+-------+---------+---------+-------
        D:1 |      46 |       0 |   0.0 |      27 |       0 |   0.0
        D:2 |      61 |      36 |  37.1 |      15 |       1 |   6.2
        D:3 |      35 |       0 |   0.0 |       1 |       0 |   0.0
            +---------+---------+-------+---------+---------+-------
